 Dungeon Sprint DCSS version 0.29.1-2-gbd0b4ee654 (webtiles) character file.

Game seed: 11326447484193116669

6259 Zeld the Severer (level 10, -10/154 HPs)
             Began as a Minotaur Berserker on Oct 30, 2022.
             Was the Champion of Trog.
             Mangled by a wolf spider (11 damage)
             ... in the Dungeon (Sprint VII: "The Pits").
             The game lasted 00:02:09 (1838 turns).

Zeld the Severer (Minotaur Berserker)               Turns: 1838, Time: 00:02:09

Health: -10/154    AC: 16    Str: 26    XL:     10   Next: 62%
Magic:  9/9        EV: 19    Int:  4    God:    Trog [******]
Gold:   0          SH:  0    Dex: 10    Spells: 9/9 levels left

rFire   . . .      SeeInvis .   a - +1 executioner's axe (flame)
rCold   . . .      Faith    .   (shield currently unavailable)
rNeg    . . .      Spirit   .   b - +3 chain mail
rPois   .          Reflect  .   (helmet restricted)
rElec   .          Harm     .   (no cloak)
rCorr   .          Rampage  .   (no gloves)
Will    .....      NoTele   +   (no boots)
Stlth   ..........              (no amulet)
HPRegen 0.35/turn               k - +3 ring of evasion
MPRegen 0.11/turn               m - +3 ring of evasion

@: berserking, lethally poisoned (-10 -> -45), very quick
A: horns 2, retaliatory headbutt
a: Renounce Religion, Berserk, Trog's Hand, Brothers in Arms


You were in the Dungeon.
You worshipped Trog.
Trog was exalted by your worship.
You visited 1 branch

Inventory:

Hand Weapons
 a - a +1 executioner's axe of flaming (weapon)
Armour
 b - a +3 chain mail (worn)
Jewellery
 k - a +3 ring of evasion (left hand)
 m - a +3 ring of evasion (right hand)
Scrolls
 h - a scroll of blinking
 j - a scroll of summoning
Potions
 c - 10 potions of curing
 d - 9 potions of heal wounds
 e - a potion of haste
 f - 4 potions of magic
 g - 3 potions of berserk rage
 i - 2 potions of invisibility
 l - 2 potions of might
 n - a potion of mutation


   Skills:
 + Level 14.2 Fighting
 * Level 19.2 Axes
 + Level 13.9 Armour
 + Level 12.9 Dodging


You had 9 spell levels left.
You didn't know any spells.
Your spell library was empty.

Dungeon Overview and Level Annotations

Branches:
Dungeon (1/1)

Altars:
Ashenzari
Cheibriados
Dithmenos
Elyvilon
Fedhas
Gozag
Hepliaklqana
Kikubaaqudgha
Makhleb
Nemelex Xobeh
Okawaru
Qazlal
Ru
Sif Muna
Trog
Uskayaw
Vehumet
Wu Jian
Xom
Yredelemnul
Zin
The Shining One
Jiyva
Lugonu


Innate Abilities, Weirdness & Mutations

You have a pair of horns on your head.
You reflexively headbutt those who attack you in melee.


Message History

The orc high priest calls down the wrath of Beogh upon you.
Beogh smites you!
* * * LOW HITPOINT WARNING * * *
The orc warrior barely misses you.
Unknown command.
You slice the orc warrior!! You burn the orc warrior.
You kill the orc warrior!
Trog accepts your kill.
You closely miss the wolf spider. You slash the ice devil!
You burn the ice devil.
You feel sick. The wolf spider hits you!
* * * LOW HITPOINT WARNING * * *
The wolf spider bites you but does no damage.
The orange demon stings you but does no damage.
The ice devil closely misses you.
You barely miss the hellwing. You closely miss the ice devil.
You slash the wolf spider! You burn the wolf spider.
* * * LOW HITPOINT WARNING * * *
You feel very sick. The wolf spider closely misses you.
The wolf spider bites you.
* * * LOW HITPOINT WARNING * * *
You are more poisoned.
The wolf spider poisons you!
You slash the hellwing! You burn the hellwing.
The hellwing is moderately wounded.
You slash the ice devil! You burn the ice devil. You slice the wolf spider!!
You burn the wolf spider.
* * * LOW HITPOINT WARNING * * *
You feel extremely sick.
The wolf spider closely misses you. x2; The orange demon barely misses you.
The ice devil misses you. The hellwing hits you.
* * * LOW HITPOINT WARNING * * *
The hellwing hits you but does no damage.
Unknown command.
You barely miss the wolf spider.
The wolf spider is severely wounded.
You closely miss the ice devil. You slice the hellwing!! You burn the hellwing.
* * * LOW HITPOINT WARNING * * *
You feel very sick. The wolf spider hits you!
You die...

.......##..####.....##.##
.......##..)##......#...#
#########...)†.)....'...'
#########...##......#...#
..#..[[##..####.....##.##
..#..[[##..##.##...##...#
..'..))##..##o4##.##.....
..#..))##..# #o4#)#......
..#..))##..# #4@s†..#
############ ########


You could see a wolf spider, an orc high priest, an orange demon (summoned), a
hellwing (summoned), an ice devil (summoned) and an orc.

Vanquished Creatures
  Gastronok (D)
  A death yak (D)
  A gargoyle (D)
  A demonic crawler (D)
  2 freezing wraiths (D)
  2 red devils (D)
  A wyvern (D)
  3 yaks (D)
  A fire bat (D)
  A wraith (D)
  Edmund (D)
  2 orc warriors (D)
  A water moccasin (D)
  2 floating eyes (D)
  A black bear (D)
  An ogre (D)
  A centaur (D)
  A scorpion (D)
  2 crimson imps (D)
  A quasit (D)
  A hound (D)
  An orc priest (D)
  A hell rat (D)
  A gnoll (D)
  3 adders (D)
  An adder zombie (D)
  2 orcs (D)
  A ball python (D)
  A bat (D)
  An endoplasm (D)
  A giant cockroach (D)
  2 hobgoblins (D)
  2 jackals (D)
  A rat (D)
46 creatures vanquished.

Vanquished Creatures (collateral kills)
  A cane toad (D)
  A polar bear (D)
  A hornet (D)
  A spriggan (D)
  Sigmund (D)
  A redback (D)
6 creatures vanquished.

Grand Total: 52 creatures vanquished

Notes
Turn   | Place    | Note
-------+----------+-------------------------------------------
     0 | D        | Zeld the Minotaur Berserker began the quest for the Orb.
     0 | D        | Reached XP level 1. HP: 19/19 MP: 0/0
    12 | D        | Noticed a fire bat
    17 | D        | Killed a fire bat
    18 | D        | Reached skill level 8 in Axes
    18 | D        | Reached skill level 5 in Armour
    18 | D        | Reached skill level 5 in Dodging
    18 | D        | Reached XP level 2. HP: 15/31 MP: 1/1
    18 | D        | Reached XP level 3. HP: 19/38 MP: 2/2
    18 | D        | Reached XP level 4. HP: 22/45 MP: 3/3
    18 | D        | Reached XP level 5. HP: 25/51 MP: 4/4
   200 | D        | Found a bloodstained altar of Trog.
   200 | D        | Found a shimmering blue altar of Sif Muna.
   200 | D        | Found a viscous altar of Jiyva.
   200 | D        | Found a hazy altar of Hepliaklqana.
   200 | D        | Found an opulent altar of Gozag.
   201 | D        | Found a glowing golden altar of the Shining One.
   201 | D        | Found a glowing silver altar of Zin.
   201 | D        | Found a basalt altar of Yredelemnul.
   201 | D        | Found a shimmering altar of Xom.
   201 | D        | Found an ornate altar of the Wu Jian Council.
   201 | D        | Found a sacrificial altar of Ru.
   201 | D        | Found a stormy altar of Qazlal.
   201 | D        | Found an iron altar of Okawaru.
   201 | D        | Found a sparkling altar of Nemelex Xobeh.
   201 | D        | Found a burning altar of Makhleb.
   201 | D        | Found a blossoming altar of Fedhas.
   201 | D        | Found a white marble altar of Elyvilon.
   201 | D        | Found a shadowy altar of Dithmenos.
   201 | D        | Found a snail-covered altar of Cheibriados.
   202 | D        | Found a radiant altar of Vehumet.
   202 | D        | Found a corrupted altar of Lugonu.
   203 | D        | Found an ancient bone altar of Kikubaaqudgha.
   203 | D        | Found a hide-covered altar of Uskayaw.
   203 | D        | Found a broken altar of Ashenzari.
   290 | D        | Noticed a floating eye
   292 | D        | Paralysed by a floating eye for 2 turns
   296 | D        | Killed a floating eye
   296 | D        | Reached ** piety under Trog
   297 | D        | Reached skill level 9 in Axes
   413 | D        | Reached skill level 10 in Axes
   413 | D        | Reached XP level 6. HP: 61/61 MP: 5/5
   542 | D        | Noticed a floating eye
   543 | D        | Reached *** piety under Trog
   546 | D        | Paralysed by a floating eye for 4 turns
   550 | D        | Killed a floating eye
   551 | D        | Reached skill level 11 in Axes
   555 | D        | Reached **** piety under Trog
   643 | D        | Noticed Edmund
   661 | D        | Killed Edmund
   661 | D        | Reached ***** piety under Trog
   662 | D        | Reached skill level 12 in Axes
   662 | D        | Reached XP level 7. HP: 40/70 MP: 6/6
   803 | D        | Noticed a red devil
   813 | D        | Killed a red devil
   814 | D        | Reached skill level 13 in Axes
   956 | D        | Reached skill level 10 in Fighting
  1087 | D        | Reached XP level 8. HP: 79/79 MP: 7/7
  1088 | D        | Reached skill level 10 in Armour
  1342 | D        | Noticed a gargoyle
  1347 | D        | Killed a gargoyle
  1348 | D        | Reached skill level 14 in Axes
  1349 | D        | Reached ****** piety under Trog
  1383 | D        | Noticed a demonic crawler
  1383 | D        | Noticed a freezing wraith
  1383 | D        | Noticed a death yak
  1383 | D        | Noticed a red devil
  1390 | D        | Killed a death yak
  1391 | D        | Reached skill level 15 in Axes
  1391 | D        | Reached skill level 10 in Dodging
  1391 | D        | Reached XP level 9. HP: 90/90 MP: 8/8
  1392 | D        | Noticed a freezing wraith
  1397 | D        | Killed a demonic crawler
  1397 | D        | Received a gift from Trog
  1398 | D        | Reached skill level 16 in Axes
  1401 | D        | Killed a freezing wraith
  1405 | D        | Killed a red devil
  1410 | D        | Killed a freezing wraith
  1411 | D        | Reached skill level 17 in Axes
  1412 | D        | Noticed Sigmund
  1412 | D        | Noticed a spriggan rider
  1422 | D        | Noticed a cane toad
  1423 | D        | Killed Sigmund
  1424 | D        | Reached XP level 10. HP: 64/101 MP: 9/9
  1424 | D        | Killed a cane toad
  1425 | D        | Received a gift from Trog
  1426 | D        | Reached skill level 18 in Axes
  1818 | D        | Noticed Gastronok
  1820 | D        | Noticed an orc high priest
  1826 | D        | Killed Gastronok
  1826 | D        | Received a gift from Trog
  1827 | D        | Reached skill level 19 in Axes
  1828 | D        | Noticed a wolf spider
  1830 | D        | Noticed an orange demon
  1837 | D        | HP: 7/154 [poisoned by a wolf spider]
  1838 | D        | HP: 1/154 [poisoned by a wolf spider]
  1838 | D        | Mangled by a wolf spider

Illustrated notes

Levels and vault maps discovered:
D:        pitsprint [storerooms_1, entrance_room_1, metal_vault_3, armoury_3,
          mini_pit_1, grid_room_1, main_hall_1, silver_pit, the_coven_3,
          the_vestibule_1, steel_vault_1, golden_pit, hallway_of_sentries,
          crystal_vault_5, iron_vault_4, final_vault]

Skill      XL: |  1  2  3  4  5  6  7  8  9 10 |
---------------+-------------------------------+-----
Fighting       | 6 7 9 10 11 13 14 | 14.2
Axes           | 8 10 12 13 15 17 19 | 19.2
Armour         | 5 7 8 9 11 12 13 | 13.9
Dodging        | 5 6 8 9 10 11 12 | 12.9

Action                   |  1- 3 |  4- 6 |  7- 9 | 10-12 || total
-------------------------+-------+-------+-------+-------++-------
Melee: Hand axe          |     4 |    37 |    29 |       ||    70
       Headbutt          |       |     9 |    13 |     3 ||    25
       Punch             |       |     1 |       |       ||     1
       War axe           |       |       |    33 |       ||    33
       Executioner's axe |       |       |       |    27 ||    27
Invok: Berserk           |     1 |     1 |     3 |     1 ||     6
       Trog's Hand       |       |     1 |       |       ||     1
       Brothers in Arms  |       |       |     1 |       ||     1
Armor: Chain mail        |       |    18 |    22 |     7 ||    47
       Animal skin       |       |     1 |       |       ||     1
Dodge: Dodged            |     4 |    24 |    58 |    30 ||   116
